Map: Berlingrad LE

Players

LETER

  • Race: Protoss Protoss
  • League: Bronze
  • Spawn Location: 11:00

Breadman - Winner!

  • Race: Terran Terran
  • League: Master
  • Spawn Location: 5:00

VOD

Have the link to the VOD?

Description

Testing Replay Uploads

Time

  • Played on: May 12, 2022, 7:50 p.m.
  • Length: 23:33
Show
View Real Time Build Order
Export as new Build Order

LETER Protoss 

Build Orders:  

Get SALT Encoding   

  12  0:08  Probe  
  13  0:27  Probe  
  14  0:37  Pylon  
  14  0:39  Probe (Chrono Boost)  
  15  0:44  Pylon  
  15  0:49  Assimilator  
  16  0:57  Probe (Chrono Boost)  
  16  1:02  Probe (Chrono Boost), Forge  
  17  1:13  Gateway  
  17  1:14  Probe (Chrono Boost)  
  18  1:31  Probe (Chrono Boost)  
  19  1:38  Probe, Assimilator  
  20  1:51  Photon Cannon  
  20  2:01  Pylon  
  20  2:07  Zealot  
  22  2:09  Cybernetics Core  
  22  2:17  Probe (Chrono Boost)  
  23  2:29  Probe (Chrono Boost)  
  24  2:34  Zealot  
  26  2:37  Probe (Chrono Boost)  
  26  2:44  Probe  
  28  2:51  Twilight Council  
  28  3:06  Gateway  
  28  3:21  Zealot  
  30  3:30  Gateway  
  30  3:48  Gateway, Zealot  
  32  3:55  Nexus  
  32  4:11  Pylon  
  32  4:14  Pylon  
  32  4:15  Zealot  
  34  4:18  Assimilator  
  34  4:20  Assimilator  
  34  4:28  Pylon  
  34  4:39  Probe (Chrono Boost)  
  34  4:43  Zealot x2  
  34  4:44  Zealot  
  41  4:49  Probe (Chrono Boost)  
  42  4:54  Probe (Chrono Boost)  
  42  4:56  Charge (Chrono Boost)  
  43  5:05  Probe (Chrono Boost)  
  46  5:14  Probe (Chrono Boost)  
  46  5:15  Probe (Chrono Boost)  
  46  5:20  Probe (Chrono Boost)  
  46  5:22  Probe  
  46  5:23  Stalker  
  50  5:32  Probe  
  50  5:34  Probe  
  52  5:45  Probe (Chrono Boost)  
  52  5:46  Probe (Chrono Boost)  
  56  5:58  Probe (Chrono Boost)  
  56  6:02  Probe (Chrono Boost)  
  56  6:04  Probe (Chrono Boost)  
  57  6:12  Probe  
  58  6:24  Probe  
  59  6:32  Zealot  
  61  6:33  Zealot x2  
  63  6:59  Adept  
  63  7:00  Adept x2  
  61  7:22  Gateway  
  61  7:24  Gateway  
  61  7:27  Gateway  
  61  7:29  Zealot  
  63  7:30  Zealot x2  
  63  7:34  Photon Cannon x3  
  67  7:41  Photon Cannon  
  67  7:44  Photon Cannon  
  67  7:46  Photon Cannon  
  67  7:47  Photon Cannon  
  67  7:51  Photon Cannon  
  67  7:54  Photon Cannon  
  67  7:56  Stalker  
  67  7:57  Stalker x2  
  73  8:01  Photon Cannon  
  73  8:03  Photon Cannon  
  73  8:07  Photon Cannon  
  73  8:26  Stalker x2  
  77  8:37  Pylon  
  77  8:41  Pylon  
  77  8:45  Pylon  
  77  8:51  Pylon  
  77  8:55  Pylon, Stalker x4  
  85  8:57  Pylon  
  85  9:07  Stargate  
  71  9:18  Zealot x2  
  75  9:25  Zealot x2  
  75  9:28  Stargate  
  77  9:49  Sentry x4  
  85  9:59  Void Ray, Stargate  
  89  10:02  Stargate  
  89  10:07  Stargate  
  89  10:13  Pylon  
  89  10:18  Pylon  
  89  10:24  Photon Cannon  
  89  10:29  Photon Cannon, Blink  
  97  10:45  Protoss Air Weapons Level 1, Void Ray  
  97  10:48  Void Ray  
  105  10:51  Void Ray  
  105  10:54  Void Ray  
  109  10:58  Void Ray  
  109  11:14  Nexus  
  109  11:21  Pylon  
  109  11:24  Pylon  
  57  11:50  Photon Cannon  
  57  11:52  Photon Cannon  
  57  11:54  Photon Cannon  
  57  11:59  Photon Cannon  
  57  12:00  Zealot x3  
  57  12:01  Zealot x3  
  65  12:27  Zealot  
  55  12:30  Resonating Glaives  
  56  12:37  Probe  
  56  12:43  Photon Cannon  
  56  12:49  Probe  
  45  13:01  Probe (Chrono Boost), Zealot x3  
  45  13:02  Zealot x3  
  58  13:11  Void Ray x2  
  66  13:13  Probe (Chrono Boost)  
  67  13:22  Probe (Chrono Boost)  
  68  13:27  Probe  
  69  13:39  Probe  
  56  13:55  Void Ray x4  
  50  14:06  Probe (Chrono Boost)  
  52  14:17  Probe (Chrono Boost)  
  52  14:22  Probe (Chrono Boost)  
  53  14:33  Probe (Chrono Boost)  
  54  14:43  Assimilator  
  54  14:45  Probe (Chrono Boost)  
  55  14:50  Probe (Chrono Boost)  
  52  14:59  Probe  
  57  15:11  Probe  
  57  15:12  Void Ray  
  57  15:13  Void Ray x2  
  62  15:57  Assimilator  
  62  16:00  Assimilator  
  62  16:08  Nexus  
  62  16:25  Nexus  
  62  16:39  Nexus  
  62  16:43  Assimilator  
  62  16:59  Assimilator  
  62  17:25  Probe  
  63  17:38  Probe x2  
  69  17:49  Void Ray  
  71  17:52  Probe x2 (Chrono Boost)  
  71  17:54  Probe (Chrono Boost)  
  72  18:04  Probe (Chrono Boost)  
  72  18:05  Probe (Chrono Boost)  
  75  18:06  Probe (Chrono Boost)  
  75  18:12  Probe (Chrono Boost)  
  78  18:14  Probe x2 (Chrono Boost)  
  78  18:16  Probe (Chrono Boost)  
  80  18:22  Probe x2 (Chrono Boost)  
  80  18:23  Probe (Chrono Boost)  
  80  18:24  Probe (Chrono Boost)  
  84  18:27  Probe (Chrono Boost)  
  84  18:32  Probe x3 (Chrono Boost)  
  88  18:38  Probe x2 (Chrono Boost)  
  100  18:42  Void Ray  
  100  18:43  Void Ray  
  100  18:44  Probe x4 (Chrono Boost)  
  100  18:46  Probe (Chrono Boost)  
  104  18:55  Probe (Chrono Boost)  
  104  18:56  Probe x2 (Chrono Boost)  
  104  19:02  Probe (Chrono Boost)  
  106  19:06  Probe (Chrono Boost)  
  106  19:07  Assimilator  
  106  19:08  Probe (Chrono Boost)  
  110  19:10  Probe (Chrono Boost)  
  110  19:11  Probe x2 (Chrono Boost)  
  111  19:22  Probe x2  
  68  19:34  Probe  
  68  19:38  Pylon  
  66  19:41  Pylon x2  
  66  19:43  Pylon  
  58  19:53  Pylon  
  58  19:54  Pylon  
  58  19:59  Pylon  
  58  20:00  Pylon  
  58  20:04  Gateway  
  58  20:10  Gateway  
  58  20:11  Gateway  
  58  20:17  Forge  
  58  20:22  Cybernetics Core  
  58  20:23  Pylon  
  58  20:36  Twilight Council  
  58  20:41  Templar Archives  
  58  20:42  Dark Shrine  
  58  20:46  Stargate  
  58  20:49  Stargate  
  58  20:59  Zealot x3  
  64  21:06  Photon Cannon  
  64  21:09  Photon Cannon x2  
  64  21:12  Photon Cannon  
  64  21:15  Photon Cannon  
  64  21:17  Photon Cannon  
  64  21:19  Photon Cannon  
  64  21:21  Photon Cannon  
  64  21:22  Photon Cannon  
  64  21:24  Photon Cannon  
  64  21:26  Photon Cannon, Zealot x3  
  56  21:37  Photon Cannon  
  55  21:47  Void Ray  
  55  21:48  Void Ray  
  55  21:53  Zealot x3  
  61  21:54  Assimilator  
  61  22:06  Probe  
  62  22:18  Probe  
  62  22:20  Zealot x2  
  62  22:21  Zealot  
  77  22:30  Void Ray  
  77  22:31  Void Ray  
  77  22:34  Probe  
  78  22:46  Probe  
  78  22:48  Zealot x2  
  61  22:58  Probe  
  56  23:10  Probe  
Show
View Real Time Build Order
Export as new Build Order

Breadman Terran - Winner!

Build Orders:  

Get SALT Encoding   

  12  0:00  SCV  
  13  0:12  SCV  
  14  0:18  Supply Depot  
  14  0:25  SCV  
  15  0:38  Refinery  
  15  0:46  Barracks  
  15  0:58  Supply Depot  
  15  1:05  SCV  
  16  1:17  SCV  
  17  1:29  SCV  
  18  1:41  Command Center  
  18  1:49  Marine  
  19  1:57  Orbital Command  
  19  2:07  Marine  
  20  2:25  Marine  
  21  2:30  Barracks  
  21  2:38  SCV  
  21  2:43  Marine  
  23  2:50  SCV  
  24  2:53  Orbital Command  
  24  3:00  Marine  
  25  3:12  SCV  
  26  3:18  Barracks, Barracks Tech Lab, Marine  
  27  3:24  SCV  
  27  3:25  SCV  
  29  3:36  SCV, Supply Depot, Marine  
  29  3:37  SCV  
  29  3:39  Stimpack  
  32  3:44  Marauder  
  34  3:48  SCV  
  34  3:49  SCV  
  34  3:54  Marine  
  37  4:01  SCV x2  
  39  4:07  Barracks Reactor  
  39  4:10  Supply Depot  
  39  4:12  Marine  
  39  4:13  SCV, Factory  
  41  4:18  Marauder  
  43  4:24  SCV  
  43  4:29  Marine  
  45  4:36  SCV  
  46  4:40  Marauder  
  46  4:45  Marine x2  
  50  4:47  Marine  
  50  4:48  SCV  
  52  4:56  Refinery  
  52  4:58  Refinery  
  52  4:59  Refinery  
  52  5:00  SCV  
  52  5:01  Marauder  
  52  5:03  Marine  
  52  5:04  Marine  
  52  5:05  Marine  
  58  5:07  Factory Tech Lab  
  58  5:12  SCV  
  59  5:18  Combat Shield  
  59  5:20  Marine  
  60  5:22  Marine  
  60  5:23  Marine  
  62  5:55  SCV, Siege Tank, Marine x3  
  69  5:59  Supply Depot  
  69  6:07  SCV  
  70  6:17  Starport  
  70  6:20  Marine x3  
  70  6:21  SCV, Marauder  
  70  6:23  Supply Depot  
  67  6:36  Orbital Command  
  67  6:38  Marine x2  
  66  6:42  Marauder  
  66  6:45  Supply Depot  
  64  6:56  Marine  
  64  7:02  SCV  
  64  7:04  Marauder  
  67  7:08  SCV  
  67  7:14  SCV  
  69  7:20  SCV  
  70  7:23  Siege Tank  
  70  7:25  Marauder, Starport Reactor  
  70  7:26  SCV  
  76  7:30  Supply Depot  
  76  7:32  SCV  
  77  7:37  Marine x2  
  77  7:38  SCV  
  77  7:40  Marine  
  81  7:45  SCV  
  81  7:47  Marauder  
  81  7:50  SCV  
  85  7:54  Supply Depot  
  85  7:55  Siege Tank, Marine x2  
  85  7:57  SCV  
  85  7:58  Marine  
  92  8:03  SCV  
  93  8:06  Refinery  
  93  8:08  Marauder  
  93  8:09  SCV  
  96  8:13  Marine x2  
  96  8:15  SCV, Marine  
  96  8:16  Supply Depot  
  100  8:21  Medivac x2  
  104  8:27  SCV  
  104  8:28  Siege Tank  
  104  8:29  Marauder  
  110  8:37  Marine x3  
  113  8:51  Marauder  
  113  8:55  Marine x3  
  118  9:06  Siege Tank  
  114  9:12  Marauder  
  114  9:13  Marine x2  
  118  9:48  Supply Depot  
  118  9:59  Supply Depot  
  118  10:09  Marine x3  
  118  10:10  SCV, Marauder, Supply Depot, Medivac  
  126  10:20  Siege Tank, Medivac  
  131  10:21  Supply Depot  
  131  10:22  SCV  
  131  10:27  Marine x2  
  134  10:32  Marauder  
  134  10:33  Supply Depot  
  134  10:34  SCV  
  137  10:39  Medivac  
  139  10:52  Siege Tank  
  142  11:24  Siege Tank  
  101  13:13  Marauder, Marine x2  
  101  13:14  Marine  
  101  13:16  Medivac  
  101  13:17  Medivac  
  101  13:18  Siege Tank  
  113  13:31  Marine x2  
  113  13:32  Marine  
  116  13:34  Marauder  
  118  13:46  Medivac  
  118  13:47  Medivac  
  122  13:49  Marine x2  
  122  13:50  Marine  
  122  13:51  Siege Tank  
  130  13:56  Marauder  
  130  14:07  Marine x3  
  133  14:16  Medivac x2  
  139  14:17  Marauder  
  139  14:23  Siege Tank  
  141  14:25  Marine  
  142  14:38  Marauder  
  141  14:46  Medivac  
  139  14:55  Siege Tank  
  95  15:27  Siege Tank  
  98  15:37  Marine  
  98  15:40  Marauder  
  98  15:41  Marine x2  
  103  15:48  Viking x2  
  107  15:52  Orbital Command  
  107  15:55  Marine  
  108  15:57  Factory  
  108  15:59  Barracks, Marine x2  
  108  16:01  Marauder  
  112  16:13  Marine  
  112  16:17  Marine x2  
  115  16:18  Viking x2  
  115  16:23  Marauder  
  121  16:31  Marine  
  122  16:35  Marine x2  
  124  16:42  Factory  
  124  16:44  Marauder, Refinery  
  126  16:48  Viking x2, Refinery  
  126  16:49  Marine  
  126  16:50  SCV  
  126  16:53  Marine x2  
  134  16:58  Factory Tech Lab  
  134  16:59  Command Center  
  134  17:02  SCV  
  134  17:05  Marauder  
  134  17:06  Marine  
  138  17:10  Marine  
  138  17:11  Barracks Reactor, Marine  
  140  17:18  Viking x2  
  144  17:24  Marine  
  144  17:27  Marauder  
  144  17:28  Marine x2  
  149  17:30  Siege Tank  
  149  17:31  Factory Tech Lab  
  152  17:38  Refinery  
  152  17:42  Marine  
  153  17:46  Marine x2  
  153  17:48  Marauder, Viking x2  
  161  18:00  Marine  
  161  18:02  Siege Tank  
  161  18:03  Armory  
  161  18:04  Marine x2  
  167  18:09  Marauder  
  167  18:12  SCV  
  170  18:13  Engineering Bay  
  170  18:15  SCV  
  170  18:18  Viking x2, Marine  
  170  18:19  SCV  
  177  18:21  Refinery  
  177  18:22  Marine x2  
  179  18:27  SCV  
  179  18:31  SCV, Marauder  
  183  18:35  Marine  
  183  18:39  Engineering Bay  
  184  18:43  SCV  
  159  18:48  Viking x2  
  185  18:52  Marauder, Armory  
  185  18:53  Marine  
  185  18:55  SCV  
  193  19:00  SCV  
  193  19:02  Terran Vehicle Weapons Level 1  
  194  19:07  SCV  
  195  19:12  SCV  
  196  19:18  Viking x2  
  194  20:56  Terran Ship Weapons Level 1  
Tags
 
Add a new tag
Caveats
  • Supply blocks, unpowered buildings, or Contaminate may cause inaccurate times.
  • Supply counts are checked every 10 seconds.